 Dungeon Sprint DCSS version 0.22-a0-135-g6f012ad (webtiles) character file.

17 Kidiri the Gusty (level 2, 0/16 HPs)
             Began as a Tengu Air Elementalist on Feb 1, 2018.
             Was a Follower of Sif Muna.
             Slain by a wight
             ... wielding a cursed +3 scimitar
              (11 damage)
             ... in the Dungeon (Sprint VII: "The Pits").
             The game lasted 00:03:02 (575 turns).

Kidiri the Gusty (Tengu Air Elementalist)            Turns: 575, Time: 00:03:03

Health: 0/16       AC:  2    Str:  8    XL:     2   Next: 62%
Magic:  3/7        EV: 13    Int: 15    God:    Sif Muna [*.....]
Gold:   0          SH:  0    Dex: 14    Spells: 4/7 levels left

rFire    . . .     SeeInvis .   j - +2 dagger
rCold    . . .     Gourm    .   (no shield)
rNeg     . . .     Faith    .   a - +0 robe
rPois    .         Spirit   .   (helmet restricted)
rElec    .         Reflect  .   (no cloak)
rCorr    .         Harm     .   (no gloves)
MR       .....     NoTele   +   (boots unavailable)
Stlth    ++........             (no amulet)
HPRegen  0.05/turn              (no ring)
MPRegen  0.10/turn              (no ring)

@: very slightly contaminated
A: beak, talons 3
a: Divine Energy, Renounce Religion


You were in the Dungeon.
You worshipped Sif Muna.
Sif Muna was aware of your devotion.
You were not hungry.

You visited 1 branch

Inventory:

Hand Weapons
 j - a +2 dagger (weapon)
Armour
 a - a +0 robe (worn)
Scrolls
 i - a scroll of blinking
 l - 3 scrolls of remove curse
 m - 5 scrolls of amnesia
 n - a scroll of summoning
Potions
 d - a potion of curing
 e - a potion of heal wounds
 f - a potion of haste
 g - 4 potions of magic
 h - 3 potions of berserk rage
 k - 2 potions of invisibility
Books
 b - a book of Air

   Spells                             Type                      Level
   a - Shock                          Conjuration/Air              1
   b - Swiftness                      Charms/Air                   2
   c - Static Discharge               Conjuration/Air              3
   d - Airstrike                      Air                          4
   e - Lightning Bolt                 Conjuration/Air              5
Comestibles
 c - 9 rations
 o - 2 chunks of flesh


   Skills:
 + Level 1.5 Fighting
 + Level 1.2 Short Blades
 + Level 1.5 Armour
 + Level 2.9 Dodging
 - Level 2.0 Stealth
 * Level 3.1 Spellcasting
 + Level 2.5 Conjurations
 + Level 4.6 Air Magic


You had 4 spell levels left.
You knew the following spells:

 Your Spells              Type           Power        Failure   Level  Hunger
a - Shock                 Conj/Air       ##..         4%          1    #......
b - Swiftness             Chrm/Air       #.......     12%         2    ##.....


Dungeon Overview and Level Annotations

Branches:
Dungeon (1/1)

Altars:
Ashenzari
Cheibriados
Dithmenos
Elyvilon
Fedhas
Gozag
Hepliaklqana
Kikubaaqudgha
Makhleb
Nemelex Xobeh
Okawaru
Qazlal
Ru
Sif Muna
Trog
Uskayaw
Vehumet
Wu Jian
Xom
Yredelemnul
Zin
The Shining One
Beogh
Jiyva
Lugonu

Annotations:
D exclusions: 6 doors and 6 more exclusions


Innate Abilities, Weirdness & Mutations

You have a beak for a mouth.
You have claws for feet.


Message History

You miscast Shock.
You feel a strange surge of energy! The wight closely misses you.
Casting: Shock (safe; 4% risk of failure)
Confirm with . or Enter, or press ? or * to list all spells.
Aiming: Shock (safe; 4% risk of failure)
Press: ? - help, Shift-Dir - straight line, f/p - wight
Aim: a wight, wielding an enchanted scimitar and wearing a robe The zap misses the wight.
The wight hits you with an enchanted scimitar.
There is an open door here.
There is an open door here.
Casting: Shock (safe; 4% risk of failure)
Confirm with . or Enter, or press ? or * to list all spells.
Aiming: Shock (safe; 4% risk of failure)
Press: ? - help, Shift-Dir - straight line, f/p - wight
Aim: a wight, wielding an enchanted scimitar and wearing a robe You miscast Shock.
Nothing appears to happen.
The wight hits you with an enchanted scimitar!
Ouch! That really hurt!
You die...

############ #_________.#
#_________.#
#_______...###########++#
##########+##............
#.?(.+)))+.##......#..#..
##########.##............
#.......@...)............
#+#####z#####......#..#..
#..#..# #............
#..'..# ####+#####++#
#..#### #.......# #..#
#.......# #..# #.......#
##'# #...<...# ...
#.......#


You could see a wight.

Vanquished Creatures
  A river rat (D)
  A leopard gecko (D)
  A goblin (D)
  2 jackals (D)
  A quokka (D)
  A rat (D)
7 creatures vanquished.

Notes
Turn   | Place    | Note
-------+----------+-------------------------------------------
     0 | D        | Kidiri the Tengu Air Elementalist began the quest for the Orb.
     0 | D        | Reached XP level 1. HP: 10/10 MP: 4/4
    61 | D        | Found a bloodstained altar of Trog.
    61 | D        | Found a deep blue altar of Sif Muna.
    61 | D        | Found a viscous altar of Jiyva.
    61 | D        | Found a hazy altar of Hepliaklqana.
    61 | D        | Found an opulent altar of Gozag.
    62 | D        | Found a glowing golden altar of the Shining One.
    62 | D        | Found a glowing silver altar of Zin.
    62 | D        | Found a basalt altar of Yredelemnul.
    62 | D        | Found a shimmering altar of Xom.
    62 | D        | Found an ornate altar of the Wu Jian Council.
    62 | D        | Found a sacrificial altar of Ru.
    62 | D        | Found a stormy altar of Qazlal.
    62 | D        | Found an iron altar of Okawaru.
    62 | D        | Found a sparkling altar of Nemelex Xobeh.
    62 | D        | Found a burning altar of Makhleb.
    62 | D        | Found a blossoming altar of Fedhas.
    62 | D        | Found a white marble altar of Elyvilon.
    62 | D        | Found a shadowy altar of Dithmenos.
    62 | D        | Found a snail-covered altar of Cheibriados.
    65 | D        | Found a corrupted altar of Lugonu.
    65 | D        | Found a radiant altar of Vehumet.
    65 | D        | Found a roughly hewn altar of Beogh.
    66 | D        | Found an ancient bone altar of Kikubaaqudgha.
    66 | D        | Found a hide-covered altar of Uskayaw.
    66 | D        | Found a shattered altar of Ashenzari.
    67 | D        | Became a worshipper of Sif Muna the Loreminder
    99 | D        | Reached skill level 1 in Fighting
    99 | D        | Reached skill level 1 in Armour
   385 | D        | Reached XP level 2. HP: 7/16 MP: 2/6
   386 | D        | Reached skill level 1 in Short Blades
   406 | D        | Reached * piety under Sif Muna
   416 | D        | Learned a level 2 spell: Swiftness
   565 | D        | Noticed a wight
   575 | D        | Slain by a wight

Vault maps used:
D:        pitsprint

Skill      XL: |  1  2 |
---------------+-------+-----
Fighting       | 1 |  1.5
Armour         | 1 |  1.5
Conjurations   | 2 |  2.5
Short Blades   | 1 |  1.2
Spellcasting   | 3 |  3.1
Dodging        | |  2.9
Stealth        | |  2.0
Air Magic      | |  4.6

Action                   || total
-------------------------++-------
Melee: Dagger            ||     6
       Kick              ||     2
       Peck              ||     1
 Cast: Shock             ||    13
 Stab: Sleeping          ||     1
Armor: Robe              ||     1
Dodge: Dodged            ||     9

Table legend:
 A = Spawn XP
 B = Non-spawn XP
 C = Spawn XP percentage of total XP
 D = Spawn monster count
 E = Non-spawn monster count
 F = Spawn count percentage of total count
 G = Total turns spent on level
                    A         B        C        D         E        F      G
               +---------+---------+-------+---------+---------+-------+---------
         Total |       0 |      25 |   0.0 |       0 |       7 |   0.0 |   575
               +---------+---------+-------+---------+---------+-------+---------
             D |       0 |      25 |   0.0 |       0 |       7 |   0.0 |   575
               +---------+---------+-------+---------+---------+-------+---------
